Map: Abyssal Reef LE

Players

Serral

  • Race: Zerg Zerg
  • Spawn Location: 11:00

Nerchio - Winner!

  • Race: Zerg Zerg
  • Spawn Location: 5:00

Event: IEM XI Katowice - World Championship 2017

VOD

Have the link to the VOD?

Description

Time

  • Played on: March 3, 2017, 7:47 a.m.
  • Length: 18:13

All games in this series

Show
View Real Time Build Order
Export as new Build Order

Serral Zerg 

Build Orders: Hatch First 

Get SALT Encoding   

  12  0:00  Drone  
  13  0:12  Overlord  
  13  0:17  Drone  
  14  0:31  Drone x2  
  16  0:35  Drone  
  17  0:52  Hatchery  
  17  0:55  Drone  
  17  0:58  Drone  
  18  1:04  Extractor  
  17  1:16  Spawning Pool  
  17  1:17  Drone  
  17  1:20  Drone  
  18  1:28  Drone  
  19  1:39  Overlord  
  19  1:49  Drone  
  21  2:01  Drone  
  21  2:02  Queen  
  21  2:04  Metabolic Boost  
  21  2:05  Queen  
  21  2:08  Drone  
  26  2:13  Zergling x2  
  27  2:17  Drone  
  28  2:23  Drone  
  28  2:27  Drone  
  30  2:32  Zergling x2  
  31  2:37  Zergling x2  
  31  2:42  Hatchery  
  31  2:49  Queen  
  33  2:55  Baneling Nest  
  33  2:57  Drone  
  33  3:01  Overlord  
  33  3:04  Drone  
  34  3:07  Drone  
  34  3:08  Drone  
  36  3:16  Overlord  
  36  3:19  Drone x2  
  38  3:21  Drone  
  38  3:24  Drone  
  40  3:30  Drone x2  
  40  3:33  Zergling x2  
  40  3:34  Zergling x2  
  44  3:39  Baneling x4  
  44  3:40  Zergling x4  
  46  3:48  Overlord  
  46  3:50  Zergling x2  
  46  3:51  Zergling x4  
  48  4:00  Drone x3  
  48  4:02  Drone  
  52  4:03  Drone x2  
  52  4:04  Zergling x2  
  55  4:10  Lair  
  55  4:11  Drone  
  55  4:13  Drone x2  
  58  4:17  Extractor, Drone  
  58  4:18  Extractor, Drone  
  58  4:21  Drone  
  59  4:27  Zergling x2, Roach Warren  
  59  4:32  Drone x2  
  59  4:35  Overlord  
  62  4:38  Drone x3  
  62  4:41  Overlord  
  62  4:42  Drone  
  62  4:44  Drone x2  
  65  4:47  Overlord  
  65  4:51  Overlord  
  65  4:53  Overlord  
  65  5:00  Baneling x2  
  65  5:03  Drone x5  
  70  5:08  Extractor  
  70  5:09  Spire  
  70  5:11  Drone x2  
  70  5:13  Evolution Chamber, Drone  
  70  5:15  Drone  
  70  5:16  Drone  
  70  5:20  Drone x3  
  75  5:22  Overlord  
  75  5:25  Drone x2  
  76  5:29  Overlord  
  76  5:31  Glial Reconstitution  
  76  5:34  Overlord  
  76  5:35  Extractor x2  
  74  5:38  Drone x2  
  74  5:39  Zerg Missile Weapons Level 1  
  74  5:42  Roach x2  
  80  5:47  Roach x2  
  80  5:48  Roach  
  86  5:51  Roach  
  86  5:56  Roach x2  
  91  5:57  Overlord  
  88  6:04  Drone x2  
  90  6:14  Hatchery  
  89  6:22  Unknown  
  88  6:28  Mutalisk x5  
  88  6:31  Mutalisk  
  98  6:39  Mutalisk  
  100  6:41  Overlord  
  100  6:45  Roach x2  
  100  6:46  Roach x3  
  110  6:49  Overlord  
  110  6:53  Mutalisk  
  112  6:54  Overlord  
  112  6:57  Mutalisk  
  112  6:58  Overlord  
  114  7:04  Roach x4  
  114  7:07  Overlord x2  
  122  7:09  Mutalisk  
  122  7:14  Roach  
  122  7:15  Roach x2  
  130  7:18  Roach x2  
  134  7:23  Roach  
  134  7:24  Roach  
  134  7:25  Roach x3  
  134  7:28  Roach  
  134  7:29  Roach  
  147  7:30  Roach  
  149  7:37  Unknown, Roach x4  
  149  7:41  Overlord  
  155  7:47  Queen  
  155  7:48  Drone x3  
  158  7:52  Roach x5  
  158  7:56  Overlord  
  158  7:57  Overlord  
  168  8:00  Zerg Missile Weapons Level 2  
  168  8:02  Extractor, Ravager x2  
  169  8:06  Roach x3  
  175  8:16  Ravager  
  175  8:18  Roach  
  175  8:19  Roach x4  
  186  8:25  Roach x4  
  194  8:31  Roach  
  194  8:32  Roach x2  
  200  8:36  Infestation Pit  
  200  8:40  Extractor  
  188  8:48  Roach  
  188  8:49  Roach x6  
  188  8:58  Roach  
  188  8:59  Roach x10  
  196  9:03  Drone  
  196  9:06  Burrow  
  196  9:09  Overseer, Overlord  
  197  9:15  Infestor  
  199  9:22  Spine Crawler x2  
  197  9:24  Spore Crawler  
  197  9:25  Infestor  
  197  9:26  Infestor  
  200  9:46  Spore Crawler  
  200  9:47  Spine Crawler  
  200  9:49  Pneumatized Carapace  
  198  9:57  Pathogen Glands  
  198  10:15  Tunneling Claws  
  198  10:17  Zerg Ground Armor Level 1  
  198  10:23  Spine Crawler  
  198  10:24  Drone x3  
  201  10:30  Hatchery, Overlord  
  200  10:37  Roach x8  
  200  10:38  Roach x8  
  200  10:54  Hive  
  198  11:05  Ravager x2  
  190  11:15  Roach x9  
  190  11:16  Roach  
  189  11:19  Roach x3  
  189  11:20  Roach x31  
  191  11:26  Infestor x3  
  189  11:41  Ravager x6  
  189  11:48  Overseer x2  
  189  11:50  Overseer  
  189  11:51  Overseer  
  189  11:54  Drone x3  
  189  11:56  Spore Crawler  
  189  11:57  Spine Crawler x2, Drone  
  189  11:59  Roach x2  
  189  12:00  Roach x3  
  200  12:04  Hydralisk Den  
  200  12:06  Evolution Chamber, Roach, Drone  
  200  12:07  Roach x2, Drone  
  200  12:08  Roach x2  
  200  12:09  Roach  
  200  12:13  Roach x3  
  200  12:14  Overseer  
  199  12:23  Roach x2  
  199  12:27  Zerg Missile Weapons Level 3  
  197  12:35  Overlord, Muscular Augments  
  197  12:36  Overlord  
  197  12:39  Greater Spire, Overseer x2  
  197  12:49  Hydralisk  
  197  12:50  Overlord x2  
  197  12:59  Overlord x2  
  197  13:00  Overseer, Overlord, Roach x4  
  197  13:01  Roach x4  
  197  13:04  Unknown x4  
  197  13:05  Ravager x3  
  198  13:21  Infestor x2  
  198  13:23  Roach x5  
  198  13:26  Roach  
  198  13:27  Roach  
  184  13:33  Roach  
  161  13:34  Roach x14  
  161  13:36  Roach x8  
  170  13:43  Infestor x2  
  170  13:44  Infestor, Roach  
  170  13:49  Infestor, Roach x4  
  170  13:53  Ravager  
  170  13:54  Ravager x2  
  166  13:57  Ravager x5  
  166  13:58  Roach x2  
  171  14:06  Roach x4  
  171  14:08  Roach x22  
  179  14:12  Roach  
  179  14:16  Infestor  
  179  14:21  Extractor x2  
  167  14:34  Hatchery  
  166  14:40  Roach x3  
  166  14:41  Roach x6  
  166  14:44  Drone x5  
  189  14:46  Drone  
  189  14:48  Drone  
  191  14:54  Drone x3  
  191  14:58  Roach x17  
  192  15:07  Zerg Ground Armor Level 2  
  192  15:11  Hydralisk x3  
  192  15:12  Roach x5  
  200  15:19  Ravager x2  
  200  15:29  Overseer x3  
  200  15:35  Roach x2  
  200  15:41  Roach  
  153  15:51  Roach x11  
  153  15:53  Roach  
  153  15:54  Roach x16  
  168  16:00  Ravager  
  168  16:01  Ravager  
  170  16:05  Infestor x2  
  174  16:12  Roach x3  
  174  16:15  Extractor x2  
  174  16:17  Drone x3  
  175  16:20  Roach x3  
  175  16:21  Ravager x3  
  175  16:23  Roach x3  
  175  16:24  Roach x3  
  190  16:31  Infestor x6  
  190  16:49  Spine Crawler  
  187  17:02  Roach  
  187  17:03  Roach x4  
  169  17:08  Roach x13  
  133  17:17  Infestor x3  
  133  17:21  Roach x8  
  133  17:22  Roach x2  
  149  17:29  Roach  
  151  17:30  Roach x3  
  151  17:34  Unknown x4  
  151  17:35  Unknown x2, Roach x3  
  151  17:36  Roach x2  
  133  17:38  Roach x2  
  133  17:39  Roach  
  133  17:41  Roach x2  
  133  17:43  Roach x2  
Show
View Real Time Build Order
Export as new Build Order

Nerchio Zerg - Winner!

Build Orders: Hatch First 

Get SALT Encoding   

  12  0:00  Drone  
  13  0:12  Overlord  
  13  0:17  Drone  
  14  0:31  Drone x2  
  14  0:34  Drone  
  17  0:52  Hatchery  
  17  0:55  Drone  
  17  0:57  Drone  
  18  1:05  Extractor  
  17  1:13  Spawning Pool  
  17  1:16  Drone  
  17  1:19  Drone  
  18  1:28  Drone  
  19  1:38  Overlord  
  19  1:49  Drone  
  20  1:59  Queen  
  20  2:00  Zergling x2  
  23  2:03  Queen  
  23  2:04  Zergling x2  
  26  2:09  Metabolic Boost  
  26  2:13  Drone  
  27  2:16  Drone  
  27  2:22  Drone  
  29  2:26  Drone  
  30  2:32  Baneling Nest, Drone  
  30  2:47  Drone  
  31  2:53  Hatchery  
  31  2:55  Drone  
  31  2:58  Drone  
  32  3:03  Overlord  
  32  3:07  Drone  
  32  3:08  Zergling x2  
  32  3:12  Zergling x2  
  35  3:13  Zergling x2  
  35  3:17  Baneling  
  36  3:22  Drone x3  
  36  3:24  Drone  
  40  3:30  Queen  
  42  3:34  Overlord  
  42  3:37  Zergling x2  
  42  3:39  Drone  
  44  3:52  Overlord  
  44  3:54  Drone x4  
  47  4:02  Drone x3  
  48  4:06  Extractor  
  48  4:09  Roach Warren  
  46  4:10  Baneling x2  
  46  4:12  Zergling x6  
  46  4:17  Evolution Chamber  
  48  4:18  Baneling x2  
  48  4:19  Drone x2  
  48  4:21  Drone  
  51  4:24  Drone x2  
  51  4:26  Drone  
  51  4:29  Drone x2  
  56  4:33  Drone x2  
  56  4:37  Overlord  
  58  4:44  Lair  
  58  4:47  Evolution Chamber  
  58  4:49  Drone x3  
  58  4:50  Extractor, Drone  
  60  4:53  Overlord  
  60  4:57  Zerg Missile Weapons Level 1  
  60  4:58  Drone  
  61  5:01  Drone x2  
  61  5:03  Drone  
  61  5:04  Drone  
  61  5:05  Drone  
  66  5:10  Overlord  
  66  5:11  Drone  
  66  5:12  Drone  
  68  5:15  Extractor  
  68  5:16  Drone x2  
  70  5:21  Drone x2  
  70  5:22  Drone x2  
  70  5:23  Drone  
  70  5:31  Roach x4  
  70  5:33  Roach  
  70  5:35  Roach  
  82  5:39  Roach x2  
  82  5:41  Glial Reconstitution  
  86  5:46  Overlord  
  86  5:47  Roach  
  86  5:49  Overlord  
  86  6:01  Overlord x2  
  86  6:03  Extractor  
  86  6:04  Overseer, Extractor, Drone  
  83  6:05  Drone x7  
  83  6:07  Drone  
  83  6:08  Drone  
  83  6:10  Drone  
  94  6:12  Drone  
  94  6:13  Drone x2  
  94  6:15  Infestation Pit  
  96  6:25  Drone x2  
  96  6:26  Infestation Pit, Drone x3  
  98  6:35  Roach  
  98  6:36  Hatchery  
  98  6:39  Roach x3  
  105  6:43  Pneumatized Carapace  
  105  6:46  Roach x2  
  105  6:47  Overlord  
  109  6:50  Overlord  
  109  6:53  Zerg Missile Weapons Level 2, Extractor  
  108  6:57  Zerg Ground Armor Level 1  
  108  7:00  Pathogen Glands  
  108  7:02  Overlord  
  108  7:03  Overseer  
  108  7:11  Spore Crawler  
  108  7:12  Spore Crawler  
  108  7:13  Spore Crawler  
  108  7:14  Queen  
  107  7:16  Spore Crawler  
  107  7:21  Infestor x2, Spore Crawler  
  106  7:23  Spore Crawler  
  106  7:24  Infestor  
  107  7:30  Infestor  
  107  7:31  Queen  
  107  7:35  Roach x2  
  107  7:36  Roach  
  111  7:37  Roach  
  111  7:39  Roach  
  111  7:41  Roach  
  111  7:42  Roach  
  119  7:45  Roach  
  119  7:47  Roach  
  119  7:50  Queen  
  125  7:56  Hydralisk Den  
  124  7:58  Spore Crawler  
  124  8:01  Overlord x2  
  124  8:02  Overlord  
  123  8:05  Overlord  
  123  8:08  Overlord  
  123  8:11  Overlord  
  123  8:19  Queen, Ravager x5  
  128  8:21  Roach x2  
  128  8:22  Overlord  
  128  8:23  Roach  
  128  8:24  Roach  
  136  8:27  Spore Crawler  
  136  8:28  Roach  
  136  8:29  Roach  
  136  8:32  Roach  
  141  8:34  Overlord  
  141  8:39  Roach x2  
  141  8:41  Roach  
  139  8:52  Roach  
  139  8:53  Roach x5  
  141  8:57  Hydralisk x2  
  139  9:06  Hatchery  
  139  9:08  Ravager x2  
  140  9:12  Roach x3  
  140  9:14  Drone  
  140  9:15  Drone  
  140  9:16  Drone  
  149  9:18  Drone x2  
  149  9:20  Hydralisk  
  149  9:23  Ravager  
  154  9:24  Overlord  
  154  9:30  Muscular Augments  
  154  9:31  Overlord  
  154  9:32  Unknown  
  154  9:36  Overlord  
  154  9:42  Overlord  
  154  9:44  Hydralisk x2, Ravager  
  159  9:50  Roach x3  
  165  9:55  Drone x2  
  165  9:56  Infestor  
  165  9:59  Infestor  
  171  10:01  Roach  
  171  10:05  Spore Crawler  
  171  10:06  Roach x2  
  176  10:08  Hydralisk  
  176  10:11  Roach  
  176  10:12  Roach  
  182  10:15  Burrow  
  182  10:19  Overlord  
  182  10:23  Drone x3  
  182  10:26  Extractor  
  182  10:28  Drone x4  
  186  10:29  Drone  
  189  10:36  Hive  
  189  10:41  Overseer  
  189  10:49  Spine Crawler  
  188  10:50  Spine Crawler  
  184  10:58  Roach x8  
  200  11:05  Roach  
  199  11:13  Roach  
  199  11:15  Overlord x2  
  199  11:17  Overlord  
  197  11:19  Overseer  
  197  11:24  Overlord x2  
  193  11:31  Spire  
  189  11:35  Overlord  
  189  11:40  Infestor  
  189  11:45  Drone  
  189  11:46  Tunneling Claws  
  192  11:52  Spine Crawler  
  192  11:53  Spore Crawler  
  190  11:55  Ravager x10  
  190  12:00  Overseer x2  
  200  12:04  Spine Crawler  
  200  12:08  Hatchery  
  196  12:18  Hydralisk x2  
  197  12:35  Drone x6  
  199  12:37  Spine Crawler  
  199  12:42  Zerg Missile Weapons Level 3  
  199  12:43  Corruptor  
  199  12:44  Greater Spire  
  199  12:55  Drone  
  199  12:57  Spine Crawler  
  199  13:21  Roach x3  
  141  13:35  Roach x14  
  141  13:36  Roach  
  167  13:42  Unknown  
  167  13:43  Unknown, Roach  
  161  13:48  Roach x2  
  161  13:49  Roach  
  161  13:50  Roach  
  161  13:53  Roach  
  171  14:03  Overseer  
  171  14:06  Infestor x3  
  171  14:08  Infestor x2, Roach x2  
  171  14:09  Infestor x2, Roach  
  158  14:14  Roach  
  156  14:18  Roach  
  156  14:23  Ravager  
  156  14:24  Ravager x8  
  167  14:25  Roach  
  166  14:38  Hatchery  
  165  14:42  Brood Lord  
  165  14:43  Drone  
  165  14:44  Drone x2  
  170  14:48  Drone x2  
  170  14:50  Drone  
  170  14:51  Unknown  
  170  14:52  Drone  
  174  15:00  Infestor x2  
  178  15:07  Roach x2  
  178  15:12  Roach  
  178  15:13  Roach  
  186  15:14  Roach  
  186  15:16  Roach  
  186  15:21  Roach x2  
  194  15:26  Roach x2  
  198  15:28  Roach  
  198  15:46  Roach x10  
  198  15:49  Roach x2  
  186  15:50  Roach x6  
  186  15:51  Roach  
  186  15:52  Roach  
  186  15:53  Roach  
  181  15:58  Roach x2  
  181  16:00  Overseer  
  181  16:01  Roach  
  181  16:03  Roach  
  189  16:07  Roach  
  189  16:09  Queen  
  193  16:25  Corruptor x3  
  193  16:30  Spine Crawler  
  193  16:31  Spine Crawler  
  193  16:32  Unknown  
  196  16:34  Drone  
  196  16:35  Drone  
  196  16:39  Drone  
  198  16:40  Drone x3  
  198  16:43  Overlord  
  198  16:49  Spine Crawler x2  
  196  16:56  Roach  
  196  16:57  Roach x2  
  196  16:58  Roach  
  196  16:59  Roach x8  
  199  17:03  Roach  
  191  17:09  Roach x3  
  191  17:11  Roach  
  191  17:12  Roach  
  191  17:13  Roach  
  161  17:15  Roach x2  
  161  17:19  Roach  
  161  17:20  Roach  
  153  17:23  Roach  
  153  17:29  Roach  
  153  17:30  Roach  
  153  17:31  Roach  
  153  17:34  Roach  
  145  17:40  Roach x2  
  145  17:41  Roach  
  145  17:43  Roach  
  151  17:45  Roach  

Tags
 
Add a new tag
Caveats
  • Supply blocks, unpowered buildings, or Contaminate may cause inaccurate times.
  • Supply counts are checked every 10 seconds.